Map: Blackpink LE

Players

TheFruitDude

  • Race: Zerg Zerg
  • League: Master
  • Spawn Location: 1:00

Brain - Winner!

  • Race: Zerg Zerg
  • League: Master
  • Spawn Location: 7:00

VOD

Have the link to the VOD?

Description

Time

  • Played on: Feb. 16, 2018, 3:02 p.m.
  • Length: 22:08
Show
View Real Time Build Order
Export as new Build Order

TheFruitDude Zerg 

Build Orders: Hatch First 

Get SALT Encoding   

  12  0:00  Drone  
  13  0:12  Overlord  
  13  0:18  Drone  
  14  0:30  Drone x2  
  14  0:35  Drone  
  17  0:51  Hatchery  
  17  0:56  Drone  
  17  1:02  Drone  
  18  1:10  Extractor  
  17  1:15  Spawning Pool  
  17  1:17  Drone  
  17  1:19  Drone  
  18  1:28  Drone  
  19  1:39  Overlord  
  19  2:02  Zergling x2, Queen  
  19  2:03  Zergling x4  
  19  2:04  Spine Crawler  
  19  2:05  Queen  
  25  2:13  Metabolic Boost  
  25  2:24  Zergling x2  
  25  2:25  Zergling x4  
  28  2:36  Spine Crawler  
  26  2:40  Zergling x2  
  26  2:41  Zergling x2  
  27  2:51  Zergling x4  
  23  2:56  Zergling x4  
  20  3:06  Zergling x4  
  22  3:15  Drone x2  
  23  3:20  Drone  
  24  3:33  Drone x2  
  26  3:34  Queen  
  26  3:50  Drone x4  
  29  4:01  Drone, Baneling Nest  
  29  4:06  Drone  
  29  4:08  Drone  
  31  4:15  Drone x3  
  34  4:23  Drone, Overlord  
  35  4:41  Queen  
  35  4:45  Baneling x2  
  37  4:46  Zergling x2  
  37  4:47  Zergling x2  
  37  4:48  Drone  
  37  4:49  Drone x3  
  37  4:50  Overlord  
  43  5:06  Hatchery  
  42  5:12  Drone  
  42  5:13  Drone x5  
  48  5:21  Evolution Chamber  
  46  5:34  Lair  
  45  5:37  Extractor  
  45  5:39  Drone x6  
  45  5:40  Roach Warren  
  49  5:48  Zerg Missile Weapons Level 1  
  49  5:50  Extractor  
  49  5:56  Overlord  
  48  6:06  Drone x2  
  48  6:07  Overlord  
  50  6:17  Overlord x2  
  50  6:22  Roach x2  
  50  6:23  Roach x2  
  58  6:37  Roach  
  58  6:38  Roach x7  
  74  6:40  Baneling x2  
  70  7:00  Drone  
  70  7:01  Drone x9  
  80  7:03  Glial Reconstitution  
  80  7:07  Drone  
  80  7:08  Drone  
  82  7:16  Overseer  
  82  7:19  Queen  
  84  7:26  Drone  
  84  7:27  Drone x5  
  79  7:33  Overlord  
  79  7:35  Drone  
  79  7:36  Drone x6  
  86  7:39  Extractor  
  86  7:41  Extractor  
  84  7:47  Zerg Missile Weapons Level 2  
  84  7:49  Burrow  
  84  7:57  Overlord x2  
  84  8:06  Roach  
  84  8:07  Roach x4  
  84  8:12  Hatchery  
  93  8:15  Overlord  
  93  8:16  Overlord  
  93  8:25  Overseer  
  93  8:30  Roach x6  
  105  8:42  Roach x4  
  105  8:43  Roach x4  
  121  8:50  Overlord  
  121  8:54  Tunneling Claws  
  95  9:05  Roach  
  95  9:06  Roach x6  
  95  9:09  Ravager  
  110  9:12  Queen  
  110  9:14  Overseer  
  112  9:20  Roach x3  
  112  9:23  Roach x16  
  99  9:33  Roach x6  
  107  9:44  Roach x5  
  117  9:56  Drone x2  
  117  9:57  Drone x2  
  117  9:58  Roach  
  117  9:59  Roach x3  
  129  10:10  Pneumatized Carapace  
  128  10:24  Roach x3  
  128  10:25  Drone x6, Roach x2  
  131  10:35  Drone x15  
  119  11:00  Roach x2  
  117  11:05  Roach x3  
  115  11:12  Roach x2  
  115  11:16  Roach x8  
  129  11:27  Roach  
  129  11:28  Roach x3  
  129  11:32  Roach x2  
  133  11:33  Overlord x3  
  129  11:57  Roach x3  
  129  11:59  Roach x10  
  141  12:09  Roach x2  
  145  12:22  Roach x3  
  135  12:28  Roach x11  
  149  12:31  Roach  
  147  12:40  Roach  
  131  12:45  Roach  
  131  12:46  Roach x9  
  131  12:48  Ravager  
  145  13:07  Roach x3  
  145  13:10  Zerg Ground Armor Level 1  
  145  13:11  Drone  
  150  13:16  Roach  
  148  13:27  Roach x2  
  148  13:31  Overlord x4  
  138  13:42  Roach x7  
  146  14:00  Ravager  
  146  14:01  Roach x6  
  145  14:03  Drone x7  
  145  14:04  Drone x3  
  145  14:06  Extractor  
  145  14:07  Roach, Ravager x12  
  158  14:28  Roach x5  
  158  14:29  Roach x7  
  158  14:30  Ravager  
  158  14:31  Ravager  
  143  14:53  Roach x10  
  122  15:01  Roach x2, Queen  
  96  15:07  Roach  
  96  15:08  Roach  
  96  15:11  Roach  
  96  15:12  Roach  
  96  15:18  Roach x14  
  94  15:25  Drone  
  94  15:27  Drone x8  
  86  15:32  Roach x5  
  90  15:41  Roach x2  
  94  15:49  Overseer  
  94  16:00  Roach x3  
  100  16:11  Roach x4  
  97  16:28  Drone x2, Roach x2  
  97  16:29  Drone x4  
  101  16:33  Roach x23  
  101  16:36  Roach x6  
  100  17:03  Roach x3  
  98  17:23  Roach x8  
  96  17:31  Roach  
  94  17:40  Roach x2  
  98  17:51  Roach  
  94  18:02  Roach x3  
  94  18:03  Roach  
  92  18:07  Roach x21  
  92  18:24  Hatchery  
  89  18:31  Roach  
  89  18:32  Roach x2  
  89  18:33  Roach x2  
  83  18:45  Roach  
  59  19:04  Roach x4  
  59  19:06  Roach x5  
  67  19:14  Spawning Pool  
  64  19:19  Drone  
  65  19:25  Roach x5  
  65  19:29  Roach x6  
  65  19:48  Roach  
  59  20:01  Drone x9, Roach x2  
  59  20:04  Roach Warren  
  65  20:10  Roach  
  57  20:36  Roach  
  57  20:57  Roach x4  
  57  20:58  Roach x8  
  77  21:06  Roach x2  
  77  21:08  Ravager x9  
  90  21:15  Roach  
  90  21:16  Roach x2  
  94  21:29  Roach x3  
  100  21:39  Roach x2  
  104  21:46  Roach  
Show
View Real Time Build Order
Export as new Build Order

Brain Zerg - Winner!

Build Orders: Pool First 

Get SALT Encoding   

  12  0:01  Drone  
  13  0:10  Extractor  
  12  0:24  Spawning Pool  
  11  0:30  Drone  
  11  0:35  Drone  
  13  0:39  Drone  
  14  0:51  Overlord  
  14  1:11  Zergling x4  
  16  1:12  Metabolic Boost  
  16  1:14  Zergling x2  
  17  1:24  Zergling x2  
  18  1:34  Baneling Nest  
  18  1:35  Zergling x2  
  18  1:45  Zergling x2  
  19  1:56  Zergling x2  
  20  2:07  Zergling x2  
  21  2:18  Hatchery  
  21  2:21  Baneling x2  
  20  2:33  Drone x2  
  19  2:52  Zergling x4  
  20  3:00  Queen  
  18  3:20  Zergling x4  
  18  3:26  Baneling x2  
  20  3:28  Zergling x2  
  20  3:30  Queen  
  20  3:33  Drone  
  24  3:35  Queen  
  25  3:47  Drone x2  
  27  3:57  Baneling  
  27  3:58  Baneling  
  27  4:00  Drone  
  27  4:01  Overlord  
  28  4:12  Overlord  
  28  4:22  Drone x6  
  34  4:32  Drone  
  35  4:47  Overlord  
  35  4:48  Drone x5  
  40  4:53  Evolution Chamber  
  40  4:57  Drone x2  
  41  5:01  Drone x2  
  43  5:07  Extractor  
  43  5:08  Extractor  
  41  5:14  Drone x2  
  41  5:15  Drone x3  
  41  5:19  Zerg Missile Weapons Level 1  
  46  5:23  Baneling x2  
  45  5:39  Drone, Roach Warren  
  45  5:40  Drone x4  
  49  5:50  Zergling x2  
  49  5:51  Zergling x2  
  49  5:52  Overlord x2  
  51  5:57  Lair  
  51  6:11  Zergling x2  
  51  6:12  Zergling x8  
  56  6:19  Drone x2  
  56  6:22  Hatchery  
  57  6:27  Overlord x2  
  57  6:37  Zergling x10  
  57  6:57  Drone x5  
  58  7:04  Baneling  
  58  7:05  Baneling  
  58  7:08  Glial Reconstitution  
  58  7:11  Drone x5  
  58  7:14  Zerg Missile Weapons Level 2  
  63  7:26  Roach x2  
  66  7:32  Roach  
  66  7:37  Roach x2  
  72  7:38  Overlord x2  
  72  7:41  Overseer  
  72  7:45  Unknown  
  72  7:50  Roach x6  
  84  8:00  Roach  
  84  8:01  Roach x2  
  84  8:04  Overlord  
  84  8:05  Overlord x2  
  90  8:10  Roach  
  90  8:11  Roach x7  
  106  8:16  Burrow  
  106  8:17  Overlord  
  106  8:18  Overlord  
  106  8:26  Tunneling Claws  
  106  8:37  Roach x10  
  124  8:52  Roach x5  
  119  9:04  Ravager  
  119  9:09  Roach  
  124  9:10  Roach x2  
  124  9:11  Drone x6  
  130  9:20  Unknown  
  130  9:22  Extractor  
  125  9:25  Hatchery  
  114  9:35  Roach x8  
  128  9:47  Drone x4  
  128  9:49  Extractor  
  128  9:50  Extractor  
  128  9:52  Drone x3  
  133  9:53  Drone x2, Unknown  
  133  9:55  Drone  
  136  10:00  Roach x6  
  136  10:04  Roach  
  136  10:06  Overlord x7  
  130  10:09  Zerg Ground Armor Level 1  
  130  10:24  Roach x4  
  130  10:25  Roach x6  
  144  10:29  Roach  
  127  10:35  Roach x2  
  127  10:36  Roach x4  
  125  10:46  Roach x7  
  125  10:47  Roach x3  
  121  10:57  Roach x7  
  121  10:58  Roach x6  
  145  11:08  Roach x5  
  155  11:11  Overlord  
  155  11:16  Drone x5  
  153  11:22  Roach  
  153  11:23  Roach x4  
  158  11:31  Hatchery  
  142  11:41  Overseer  
  142  11:42  Overseer  
  142  11:43  Overseer  
  142  11:44  Overseer  
  142  11:46  Overseer  
  140  11:58  Roach x7  
  140  11:59  Roach x2  
  151  12:07  Queen  
  153  12:08  Queen  
  153  12:10  Drone  
  156  12:25  Drone x3  
  156  12:26  Drone  
  156  12:27  Drone x4  
  162  12:38  Roach x4  
  153  13:13  Roach x4  
  153  13:14  Roach x9  
  169  13:29  Overseer  
  169  13:31  Roach x4  
  177  13:46  Roach  
  177  13:47  Roach x6  
  189  13:49  Pneumatized Carapace  
  189  13:50  Queen  
  184  13:56  Drone x3  
  187  14:09  Drone  
  188  14:10  Drone x4  
  188  14:13  Zerg Ground Armor Level 2  
  188  14:15  Drone x2  
  194  14:20  Roach x3  
  146  14:55  Roach x14  
  113  15:13  Roach x5  
  112  15:28  Roach x5  
  100  15:54  Roach x4  
  98  15:58  Roach  
  98  15:59  Roach x3  
  98  16:05  Roach x13  
  114  16:16  Roach  
  114  16:17  Roach x3  
  116  16:18  Roach x3  
  106  16:35  Overlord  
  106  16:37  Roach x4  
  106  16:38  Roach x21  
  107  16:42  Drone  
  107  16:43  Drone x3  
  105  16:49  Ravager x3  
  105  16:50  Ravager x2  
  105  16:51  Roach x6  
  105  16:52  Ravager  
  123  16:59  Roach x2  
  127  17:03  Ravager x3  
  127  17:04  Ravager  
  131  17:10  Roach x2  
  120  17:42  Hatchery  
  118  17:48  Roach Warren  
  102  18:16  Drone x2  
  102  18:17  Drone  
  102  18:18  Drone x2  
  107  18:30  Drone  
  107  18:31  Drone x7  
  107  18:32  Drone x2  
  89  19:06  Drone x4  
  89  19:08  Drone  
  89  19:09  Drone x6  
  99  19:30  Roach x8  
  115  19:44  Roach  
  115  19:45  Roach x3  
  123  19:54  Roach  
  123  20:05  Roach x4  
  123  20:06  Roach x4  
  139  20:21  Roach x13  
  139  20:23  Drone x2  
  139  20:24  Drone x2  
  140  20:29  Roach x4  
  146  20:43  Roach x6  
  156  21:07  Roach x9  
  156  21:08  Roach  
  174  21:15  Drone, Queen  
  174  21:16  Queen  
  177  21:30  Roach  
  177  21:31  Spore Crawler  
  177  21:32  Spine Crawler  
  175  21:34  Drone x3  
  175  21:35  Spine Crawler x2  
  175  21:36  Spine Crawler  
  175  21:39  Roach x2  
  179  21:41  Ravager x4  
  179  21:43  Ravager  
  180  21:57  Unknown x2  
Tags
 
Add a new tag
Caveats
  • Supply blocks, unpowered buildings, or Contaminate may cause inaccurate times.
  • Supply counts are checked every 10 seconds.